 Dungeon Crawl Stone Soup version 0.30-a0-739-gea05faddec (console) character file.

Game seed: 11839021526088187012

13370 rlgrobin the Nimble (level 12, -5/82 HPs)
             Began as a Djinni Warper on Feb 4, 2023.
             Was an Elder of Ashenzari.
             Slain by a vampire mosquito (9 damage)
             ... on level 11 of the Dungeon.
             The game lasted 00:41:10 (12113 turns).

rlgrobin the Nimble (Djinni Warper)                Turns: 12113, Time: 00:41:10

Health: -5/82      AC:  5    Str: 10    XL:     12   Next: 31%
Gold:   643        EV: 22    Int: 25    God:    Ashenzari [****..] SH:  0 Dex: 14

rFire   + + .      SeeInvis +    a - +3 scimitar {flame, Cun, Melee} (curse)
rCold   x . .      Faith    .    (no shield)
rNeg    . . .      Spirit   .    b - +0 leather armour "Shattered With Me" {Self, Melee} (curse)
rPois   ∞          Reflect  .    (no helmet)
rElec   .          Harm     .    w - +0 cloak of the Celestial Anxiety {Range, Self} (curse)
rCorr   .          Rampage  .    E - +0 pair of gloves "Urgency of Ashenzari" {Fort, Self} (curse)
Will    +....      Clarity  +    (boots unavailable)
Stlth   +++                      (no amulet)
HPRegen 0.33/turn                i - ring of the Enigmatic Elitism {EV+5, Self, Evo} (curse)
MPRegen 0.00/turn                s - ring of the Elysian Liberalism {Int+6, Self, Evo} (curse)

@: marked, flying
A: sickness immunity, fire resistance 2, cold vulnerability 1, float, innate
caster, HP casting, extra vitality 1
a: Renounce Religion, Curse Item, Shatter the Chains


You were on level 11 of the Dungeon.
You worshipped Ashenzari.
Ashenzari was greatly pleased with you.
You visited 1 branch of the dungeon, and saw 11 of its levels.
You also visited: Ossuary.

You collected 643 gold pieces.

Inventory:

Hand Weapons
 a - the cursed +3 scimitar "Ruined Bitterness" (weapon) {flame, Cun, Melee}
   (You took it off Erica on level 9 of the Dungeon)

   It has a curse which improves the following skills: Cunning: Dodging and
   Stealth.
   Melee Combat: Short Blades, Long Blades, Axes, Maces & Flails, Polearms,
   Staves and Unarmed Combat.
 G - a +0 demon whip of venom
 I - a +3 dagger of chaos
 O - a +2 short sword of draining
Missiles
 d - 21 boomerangs of dispersal
 n - 22 poisoned darts
 r - 7 boomerangs (quivered)
 y - a throwing net
 B - 2 silver boomerangs
Armour
 b - the cursed +0 leather armour "Shattered With Me" (worn) {Self, Melee}

   It has a curse which improves the following skills: Introspection: Fighting
   and Spellcasting.
   Melee Combat: Short Blades, Long Blades, Axes, Maces & Flails, Polearms,
   Staves and Unarmed Combat.
 e - an orb of wrath
 w - the cursed +0 cloak of the Celestial Anxiety (worn) {Range, Self}
   (You found it on level 4 of the Dungeon)

   It has a curse which improves the following skills: Ranged Combat: Ranged
   Weapons and Throwing.
   Introspection: Fighting and Spellcasting.
 E - the cursed +0 pair of gloves "Urgency of Ashenzari" (worn) {Fort, Self}
   (You found it on level 7 of the Dungeon)

   It has a curse which improves the following skills: Fortitude: Armour and
   Shields.
   Introspection: Fighting and Spellcasting.
 L - +0 steam dragon scales
Jewellery
 i - the cursed ring of the Enigmatic Elitism (left hand) {EV+5, Self, Evo}
   (You found it on level 2 of the Dungeon)

   [ring of evasion]

   EV:        It affects your evasion (+5).
   It has a curse which improves the following skills: Introspection: Fighting
   and Spellcasting.
   Evocations: Evocations.
 s - the cursed ring of the Elysian Liberalism (right hand) {Int+6, Self, Evo}
   (You found it on level 3 of the Dungeon)

   [ring of intelligence]

   Int:       It affects your intelligence (+6).
   It has a curse which improves the following skills: Introspection: Fighting
   and Spellcasting.
   Evocations: Evocations.
 u - a ring of willpower
 C - a ring of protection from cold
Wands
 x - a wand of charming (10)
 F - a wand of flame (20)
 M - a wand of quicksilver (8)
 N - a wand of iceblast (7)
Scrolls
 c - 5 scrolls of blinking
 h - 2 scrolls of enchant armour
 j - a scroll of fear
 k - 8 scrolls of identify
 l - 2 scrolls of silence
 m - 6 scrolls of fog
 p - 6 scrolls of teleportation
 q - 4 scrolls of poison
 v - 2 scrolls of summoning
 D - a scroll of magic mapping
 J - a scroll of brand weapon
Potions
 f - 5 potions of resistance
 g - 8 potions of curing
 o - 2 potions of cancellation
 t - a potion of brilliance
 z - 2 potions of mutation
 A - 4 potions of invisibility
 H - a potion of haste
 K - a potion of heal wounds


   Skills:
 - Level 2.0(5.8) Fighting
 - Level 3.8(8.4) Short Blades
 - Level 8.3(11.6) Long Blades
 - Level 0.7(1.7) Throwing
 - Level 1.0(2.1) Armour
 - Level 11.0(12.9) Dodging
 - Level 5.3(7.2) Stealth
 + Level 8.4(13.9) Spellcasting
 - Level 5.1(8.0) Evocations


You had 11 spell levels left.
You knew the following spells:

 Your Spells              Type           Power      Damage    Failure   Level
a - Blink                 Tloc           100%       N/A       1%          2
b - Lesser Beckoning      Tloc           100%       N/A       1%          2
c - Vhi's Electric Charg  Tloc/Air       100%       N/A       1%          3
d - Teleport Other        Tloc           72%        N/A       1%          3
e - Manifold Assault      Tloc           72%        N/A       1%          4
f - Slow                  Hex            100%       N/A       0%          1
g - Poisonous Vapours     Pois/Air       100%       N/A       1%          2
h - Confusing Touch       Hex            72%        N/A       1%          3
i - Mephitic Cloud        Conj/Pois/Air  72%        N/A       1%          3
j - Ice Form              Ice/Tmut       72%        N/A       1%          4
Your spell library was empty.

Dungeon Overview and Level Annotations

Branches:
Dungeon (11/15)            Temple (0/1) D:5             Orc (0/2) D:11
Ossuary (visited)
   Lair: D:8-11

Altars:
Ashenzari
Cheibriados
Makhleb
Nemelex Xobeh
Okawaru
Qazlal
Trog
Zin
The Shining One

Shops:
D:8 *   D:9 *

Annotations:
D:9 3 runed translucent doors, MackTheKnife's ghost, novice DEWn


Innate Abilities, Weirdness & Mutations

You are immune to sickness and miasma.
You are immune to poison.
Your flesh is very heat resistant. (rF++)
You are vulnerable to cold. (rC-)
You float through the air rather than walking.
You learn spells naturally, not from books.
Your magical power is your life essence.
You have superior vitality. (+4 MHP)


Message History

You strike the helpless Fannar from behind!
You slash Fannar! You burn Fannar.
You kill Fannar!
The orc warrior barely misses you.
A yak comes into view.
The orc warrior closely misses you.
There is a stone staircase leading up here.
A yak comes into view.
The orc warrior completely misses you.
A yak comes into view. x2
Things that are here:
a +0 club; a +0 scale mail; an orc corpse The orc warrior attacks as you move away!
The orc warrior closely misses you.
The orc warrior hits you from afar with a +0 halberd!
* * * LOW HITPOINT WARNING * * *
A vampire mosquito comes into view.
A vampire mosquito comes into view.
The orc warrior barely misses you.
Found 24 gold pieces.
A yak comes into view.
You kill the orc warrior!
Casting: Poisonous Vapours (safe; 1% risk of failure)
Confirm with . or Enter, or press ? or * to list all spells.
Aiming: Mephitic Cloud (safe; 1% risk of failure)
Press: ? - help, Shift-Dir - straight line, f - yak
Aim: a yak (chance to affect: 67%)
The ball explodes into a vile cloud!
The stinking cloud engulfs the yak but does no damage. x3
* * * LOW HITPOINT WARNING * * *
The yak is engulfed in noxious fumes.
The yak appears confused.
The yak is engulfed in noxious fumes.
The yak appears confused.
The yak is engulfed in noxious fumes.
The yak appears confused.
The yak is engulfed in noxious fumes.
The yak appears confused.
The yak is engulfed in noxious fumes. x2; The yak gores the yak.
The yak gores itself.
The yak is engulfed in noxious fumes. x2; The yak appears confused.
You see here 24 gold pieces.
You closely miss the vampire mosquito. The vampire mosquito bites you!
You die...

.............$.#
.8....>....8.☼.#####
...........YY..#...#
#.....:(^...#{.#...#
#...[.8..Y..##.Y...#
####...yY####......#
...<...Y## ####...#
.)..)...# #y..#
.....Y..# #@..#
#......Y# #...#
.......Y# #...#
#.......# #####
.........#**
..........
#.......### ,
####..... * * , ,*


You could see a yak (confused) and a vampire mosquito.

Vanquished Creatures
  Fannar (D:11)
  Erica (D:9)
  3 two-headed ogres
  Amaemon (D:10)
  Pikel (D:6)
  A cyclops (D:11)
  Maurice (D:9)
  An orange demon (D:10)
  Psyche (D:8)
  A tengu conjurer (D:11)
  2 trolls (D:10)
  A wraith (D:8)
  2 shadows
  A wyvern (D:10)
  18 yaks
  2 steam dragons
  3 vampire mosquitoes (D:10)
  Edmund (D:6)
  2 water moccasins
  4 orc warriors
  An ice beast (D:8)
  3 sky beasts
  2 ogres (D:5)
  2 centaurs
  A phantom (D:6)
  4 kobold brigands
  3 bullfrogs
  A scorpion (D:7)
  3 wights (D:9)
  10 killer bees
  5 howler monkeys
  3 jellies
  A gnoll bouda (D:5)
  A hound (D:5)
  4 orc priests
  6 iguanas
  Natasha (thrice) (D:4)
  4 orc wizards
  3 mummies (Ossuary)
  7 gnolls
  6 adders
  A shadow imp (D:7)
  2 white imps
  A dart slug (D:1)
  2 worms
  19 orcs
  14 endoplasms
  4 giant cockroaches
  A gnoll zombie (Ossuary)
  6 hobgoblins
  7 jackals
  4 quokkas
  9 ball pythons
  4 bats
  4 frilled lizards (D:1)
  4 goblins
  7 goblin zombies (Ossuary)
  4 hobgoblin zombies (Ossuary)
  22 kobolds
  4 quokka zombies (Ossuary)
  6 rats
  2 rat zombies (Ossuary)
248 creatures vanquished.

Notes
Turn   | Place    | Note
-------+----------+-------------------------------------------
     0 | D:1      | rlgrobin the Djinni Warper began the quest for the Orb.
     0 | D:1      | rlgrobin set off with the following spells memorised:
                  | Blink, Lesser Beckoning, Vhi's Electric Charge, Teleport
                  | Other, Manifold Assault.
     0 | D:1      | Reached XP level 1. HP: 18/18 MP: 0/0
   110 | D:1      | Reached skill level 1 in Stealth
   158 | D:1      | Reached XP level 2. HP: 17/23 MP: 0/0
   367 | D:1      | Reached XP level 3. HP: 17/28 MP: 0/0
   367 | D:1      | Learned a level 1 spell: Slow
   904 | D:2      | Found a faded altar of an unknown god.
   913 | D:2      | Prayed at the altar of an unknown god.
   913 | D:2      | Became a worshipper of Ashenzari the Shackled
  1017 | D:2      | Reached XP level 4. HP: 34/34 MP: 0/0
  1225 | D:2      | Reached * piety under Ashenzari
  2447 | D:4      | Reached XP level 5. HP: 25/40 MP: 0/0
  2447 | D:4      | Learned a level 2 spell: Poisonous Vapours
  2600 | D:4      | Reached XP level 6. HP: 46/46 MP: 0/0
  3289 | D:4      | Reached skill level 3 in Dodging
  3570 | D:4      | Noticed Natasha
  3580 | D:4      | Killed Natasha
  3681 | D:4      | Noticed Natasha
  3695 | D:4      | Killed Natasha
  3696 | D:4      | Reached skill level 4 in Dodging
  3696 | D:4      | Reached XP level 7. HP: 45/50 MP: 0/0
  3696 | D:4      | Learned a level 3 spell: Confusing Touch
  3745 | D:4      | Noticed Natasha
  3756 | D:4      | Killed Natasha
  3827 | D:5      | Entered Level 5 of the Dungeon
  3854 | D:5      | Found a sand-covered staircase.
  3859 | Ossuary  | Entered an ossuary
  4094 | Ossuary  | Reached ** piety under Ashenzari
  4739 | D:5      | Found a sparkling altar of Nemelex Xobeh.
  4830 | D:5      | Reached skill level 5 in Spellcasting
  4830 | D:5      | Reached XP level 8. HP: 57/58 MP: 0/0
  5061 | D:5      | Found a staircase to the Ecumenical Temple.
  5396 | D:6      | Noticed Pikel
  5435 | D:6      | Killed Pikel
  5436 | D:6      | Reached XP level 9. HP: 58/62 MP: 0/0
  5436 | D:6      | Learned a level 3 spell: Mephitic Cloud
  5481 | D:6      | Found a glowing golden altar of the Shining One.
  5481 | D:6      | Found a burning altar of Makhleb.
  5746 | D:6      | Noticed Edmund
  5785 | D:6      | Killed Edmund
  6740 | D:6      | Reached skill level 5 in Dodging
  6979 | D:7      | Reached skill level 6 in Dodging
  7051 | D:7      | Found a stormy altar of Qazlal.
  7249 | D:7      | Found a bloodstained altar of Trog.
  7443 | D:7      | Reached *** piety under Ashenzari
  7825 | D:8      | Found a glowing silver altar of Zin.
  7868 | D:8      | Found an iron altar of Okawaru.
  7868 | D:8      | Found a snail-covered altar of Cheibriados.
  7868 | D:8      | Noticed a torpor snail
  7870 | D:8      | Noticed a torpor snail
  7890 | D:8      | Noticed Psyche
  7911 | D:8      | Killed Psyche
  7912 | D:8      | Reached skill level 5 in Stealth
  7912 | D:8      | Reached XP level 10. HP: 66/69 MP: 0/0
  7954 | D:8      | Reached skill level 1 in Evocations
  8235 | D:8      | Noticed a torpor snail
  8562 | D:8      | Found Soimm's General Store.
  8871 | D:8      | Reached skill level 5 in Evocations
  9177 | D:9      | Noticed Erica
  9202 | D:9      | Killed Erica
  9203 | D:9      | Reached skill level 8 in Dodging
  9235 | D:9      | Reached skill level 1 in Long Blades
  9489 | D:9      | Reached XP level 11. HP: 60/76 MP: 0/0
  9489 | D:9      | Learned a level 4 spell: Ice Form
  9576 | D:9      | Reached skill level 5 in Long Blades
  9737 | D:9      | Found Naus's Fire Supplies.
  9738 | D:9      | Noticed Maurice
  9752 | D:9      | Killed Maurice
 10162 | D:9      | Found a runed translucent gate.
 10164 | D:9      | Found a runed translucent gate.
 10164 | D:9      | Found a runed translucent gate.
 10166 | D:9      | Noticed MackTheKnife's ghost (novice DEWn)
 10189 | D:9      | Reached **** piety under Ashenzari
 10354 | D:10     | Entered Level 10 of the Dungeon
 10381 | D:10     | Noticed a two-headed ogre
 10394 | D:10     | HP: 3/76 [two-headed ogre/+0 giant club (28)]
 10636 | D:10     | Killed a two-headed ogre
 10637 | D:10     | Reached skill level 9 in Dodging
 10959 | D:10     | Noticed a two-headed ogre
 10971 | D:10     | Killed a two-headed ogre
 10972 | D:10     | Reached skill level 10 in Dodging
 11010 | D:10     | Noticed Amaemon
 11047 | D:10     | Killed Amaemon
 11117 | D:10     | Reached skill level 11 in Dodging
 11644 | D:11     | Found a staircase to the Orcish Mines.
 11724 | D:11     | Noticed a two-headed ogre
 11750 | D:11     | Killed a two-headed ogre
 11751 | D:11     | Reached XP level 12. HP: 42/82 MP: 0/0
 12072 | D:11     | Noticed Fannar
 12094 | D:11     | Killed Fannar
 12097 | D:11     | HP: 2/82 [orc warrior/+0 halberd (14)]
 12113 | D:11     | Slain by a vampire mosquito

Illustrated notes

Levels and vault maps discovered:
D:1:      psy_arrival_whirlpool, layout_rooms
D:2:      layout_basic, dreamdust_ecumenical_altar_grove, nrook_loot_triangle,
          minmay_misc_feat_enclosed
D:3:      layout_loops_ring
D:4:      layout_cave_pools, uniq_natasha
D:5:      layout_rooms, nemelex_dance_club_becter, temple_hall,
          lightli_ossuary_entry_decrepit_ruins, ebering_dispersal_statue_hall
D:6:      layout_basic, gammafunk_temple_overflow_wave, uniq_edmund, uniq_pikel
D:7:      layout_loops_ring, mainiacjoe_overflow_tiny_flanked,
          lightli_temple_of_fire
D:8:      layout_loops_ring, lemuel_doored_altar, cheibriados_altar_2,
          okawaru_ov_weapons_minmay, serial_shops, nicolae_shop_hallway_stairs,
          minmay_unpleasant_kobolds, uniq_psyche
D:9:      layout_roguey, biasface_ghost_orc_armoury, nicolae_shop_fire_sale
          [nicolae_sub_dead_trees], uniq_erica, uniq_maurice
D:10:     layout_basic, hangedman_decor_growths, uniq_amaemon
D:11:     layout_rooms, erik_lair_dragon, david_orc_2, uniq_fannar

Skill      XL: |  1  2  3  4  5  6  7  8  9 10 11 12 |
---------------+-------------------------------------+-----
Stealth        | 1 2 5 |  5.3
Short Blades   | 2 3 |  3.8
Spellcasting   | 3 4 5 7 8 |  8.4
Dodging        | 4 6 8 11 | 11.0
Evocations     | 5 |  5.1
Long Blades    | 4 7 8 |  8.3
Fighting       | |  2.0
Throwing       | |  0.7
Armour         | |  1.0

Action                     |  1- 3 |  4- 6 |  7- 9 | 10-12 || total
---------------------------+-------+-------+-------+-------++-------
  Melee: Short sword       |   163 |   233 |   341 |       ||   737
         Punch             |     1 |     4 |     8 |     4 ||    17
         Dagger            |       |       |    51 |   143 ||   194
         Scimitar          |       |       |       |   202 ||   202
  Throw: Dart              |       |     5 |       |       ||     5
         Boomerang         |       |    12 |       |       ||    12
   Cast: Slow              |       |    22 |    30 |     1 ||    53
         Poisonous Vapours |       |    19 |    49 |    58 ||   126
         Blink             |       |       |     1 |       ||     1
         Vhi's Electric Ch |       |       |    10 |     1 ||    11
         Mephitic Cloud    |       |       |     2 |    29 ||    31
         Confusing Touch   |       |       |     2 |     9 ||    11
 Invoke: Curse Item        |     1 |     1 |     2 |     2 ||     6
    Use: Potion            |       |     1 |     4 |       ||     5
         Scroll            |       |       |       |     1 ||     1
   Stab: Sleeping          |     1 |     4 |     1 |       ||     6
         Confused          |       |       |     3 |    32 ||    35
 Armour: Leather armour    |    34 |    20 |    40 |    28 ||   122
  Dodge: Dodged            |    93 |   136 |   275 |   273 ||   777

Table legend: (Time is in decaauts)
 A = Elapsed time spent in this place.
 B = Non-inter-level travel time spent in this place.
 C = Inter-level travel time spent in this place.
 D = Time resting spent in this place.
 E = Time spent auto-exploring this place.
 F = Levels seen in this place.
 G = Mean time per level.
                   A        B        C        D        E       F      G
               +--------+--------+--------+--------+--------+-----+--------+
         Total |  11900 |  11462 |    438 |   2559 |   5826 |  12 |  991.7 |
       Dungeon |  11538 |  11100 |    438 |   2466 |   5785 |  11 | 1048.9 |
       Ossuary |    361 |    361 |      0 |     93 |     41 |   1 |  361.0 |
               +--------+--------+--------+--------+--------+-----+--------+

Top non-repeatable levels by time:
     D:6: 1530 daAuts
     D:9: 1522 daAuts
     D:7: 1141 daAuts
     D:4: 1131 daAuts
    D:10: 1100 daAuts
     D:8: 1054 daAuts
     D:5: 977 daAuts
     D:2: 937 daAuts
     D:1: 855 daAuts
     D:3: 850 daAuts
    D:11: 436 daAuts
 Ossuary: 361 daAuts
